 Dungeon Crawl Stone Soup version 0.29.0-13-gc9e81de378 (webtiles) character file.

Game seed: 5334360104440722691

880 funnyparkerb the Spear-Bearer (level 8, -1/56 HPs)
             Began as a Merfolk Gladiator on Sept 7, 2022.
             Was a Follower of Okawaru.
             Killed from afar by a gargoyle (18 damage)
             ... with a stone arrow
             ... on level 6 of the Dungeon.
             The game lasted 00:07:28 (4769 turns).

funnyparkerb the Spear-Bearer (Merfolk Gladiator)   Turns: 4769, Time: 00:07:29

Health: -1/56      AC:  8    Str: 16    XL:     8   Next: 5%
Magic:  8/8        EV: 12    Int:  8    God:    Okawaru [*.....]
Gold:   217        SH:  0    Dex: 15    Spells: 7/7 levels left

rFire   + . .      SeeInvis .   a - +0 trident
rCold   . . .      Faith    .   (no shield)
rNeg    . . .      Spirit   .   i - +2 ring mail {rF+}
rPois   .          Reflect  .   c - +0 helmet
rElec   .          Harm     .   (no cloak)
rCorr   .          Rampage  .   (no gloves)
Will    .....                   (no boots)
Stlth   ..........              (no amulet)
HPRegen 0.18/turn               (no ring)
MPRegen 0.11/turn               (no ring)

@: confused, weak-willed, ambrosia-drunk
A: (nimble swimmer 2), mertail
a: Renounce Religion, Heroism


You were on level 6 of the Dungeon.
You worshipped Okawaru.
Okawaru was aware of your devotion.
You visited 2 branches of the dungeon, and saw 7 of its levels.

You collected 217 gold pieces.

Inventory:

Hand Weapons
 a - a +0 trident (weapon)
Missiles
 d - 3 throwing nets (quivered)
 e - a javelin
Armour
 c - a +0 helmet (worn)
 i - a +2 ring mail of fire resistance (worn)
Scrolls
 b - a scroll of silence {unknown}
 f - 5 scrolls of vulnerability
 h - 2 scrolls of identify
 l - a scroll of poison {unknown}
 n - a scroll of torment {unknown}
 o - a scroll of noise {unknown}
 p - a scroll of butterflies {unknown}
 q - 2 scrolls of immolation
 u - a scroll of enchant weapon {unknown}
Potions
 g - a potion of mutation {unknown}
 j - a potion of berserk rage {unknown}
 r - a potion of flight {unknown}
 s - a potion of might {unknown}
 t - a potion of curing {unknown}


   Skills:
 - Level 2.1 Fighting
 + Level 12.1 Polearms
 - Level 2.0 Throwing
 - Level 4.0 Dodging


You had 7 spell levels left.
You didn't know any spells.
Your spell library contained the following spells:

 Spells                   Type           Power      Damage    Failure   Level
 Blink                    Tloc           0%         N/A       77%         2
 Ensorcelled Hibernation  Hex/Ice        0%         N/A       77%         2
 Passwall                 Tmut/Erth      0%         N/A       77%         2
 Poisonous Vapours        Pois/Air       0%         N/A       77%         2
 Portal Projectile        Hex/Tloc       0%         N/A       94%         3
 Swiftness                Air            0%         N/A       94%         3
 Corpse Rot               Necr/Pois/Air  0%         N/A       100%        4
 Leda's Liquefaction      Hex/Erth       0%         N/A       100%        4
 Manifold Assault         Tloc           0%         N/A       100%        5
 Storm Form               Tmut/Air       0%         N/A       100%        7
 Call Canine Familiar     Summ           Unusable   N/A       N/A         3

Dungeon Overview and Level Annotations

Branches:
Dungeon (6/15)             Temple (1/1) D:4

Altars:
Ashenzari
Fedhas
Kikubaaqudgha
Nemelex Xobeh
Okawaru
Ru
Wu Jian
Xom
The Shining One

Annotations:
D:6 Edmund


Innate Abilities, Weirdness & Mutations

((You are very nimble when in or above water. (Stealth+, EV+, Speed+++)))
Your lower body shifts to a powerful aquatic tail in water.


Message History

Okay, then.
It was a potion of ambrosia.
You are confused.
You feel invigorated. The sky beast misses you.
You are too confused!
Okay, then.
Okay, then.
The sky beast attacks as you move away!
The sky beast hits you but does no damage.
You're too confused to move!
The sky beast hits you. The sky beast shocks you.
The gargoyle hits you with a +0 mace. The sky beast attacks as you move away!
The sky beast hits you but does no damage.
Found a stone staircase leading up.
You feel less invigorated.
You feel less confused. The sky beast attacks as you move away!
The sky beast hits you but does no damage.
Edmund attacks as you move away!
Edmund hits you with a +0 dire flail of holy wrath!
Edmund attacks as you move away!
Edmund hits you with a +0 dire flail of holy wrath.
The sky beast attacks as you move away!
The sky beast hits you but does no damage.
Found a scroll labelled TUHOFU NIXY.
Edmund attacks as you move away! Edmund closely misses you.
The sky beast attacks as you move away! The sky beast misses you.
Edmund attacks as you move away! Edmund misses you.
Found 3 stones.
Edmund attacks as you move away!
Edmund hits you with a +0 dire flail of holy wrath!
* * * LOW HITPOINT WARNING * * *
The sky beast flickers out of sight!
Deactivating autopickup; reactivate with Ctrl-A.
As you read the scroll labelled BABIUV JOHI, it crumbles to dust.
You assume a fearsome visage.
Edmund looks frightened!
The gargoyle is unaffected.
It was a scroll of fear.
You are confused.
You feel invigorated.
The gargoyle hurls a stone arrow at you.
The stone arrow hits you!!
You die...

..............##..
.............##
.............##
..........#...#
..........#.##
.........#..#
.........@.9#
...........##
..##.#....@#
..(..##.#?## #
#####


You could see Edmund (fleeing) and a gargoyle (weak-willed).

Vanquished Creatures
  Sigmund (D:4)
  An ice beast (D:5)
  A kobold brigand (D:4)
  2 scorpions
  A howler monkey (D:5)
  An orc priest (D:4)
  3 hounds
  2 jellies
  3 iguanas (D:5)
  An orc wizard (D:5)
  2 gnolls (D:5)
  2 adders
  A worm (D:3)
  13 orcs
  5 ball pythons
  3 endoplasms (D:1)
  A giant cockroach (D:1)
  8 goblins
  9 hobgoblins
  3 jackals (D:4)
  15 kobolds
  3 quokkas
  8 bats
  4 frilled lizards
  5 rats
98 creatures vanquished.

Notes
Turn   | Place    | Note
-------+----------+-------------------------------------------
     0 | D:1      | funnyparkerb the Merfolk Gladiator began the quest for the
                  | Orb.
     0 | D:1      | Reached XP level 1. HP: 16/16 MP: 1/1
    98 | D:1      | Reached XP level 2. HP: 17/22 MP: 2/2
   231 | D:1      | Reached skill level 5 in Polearms
   516 | D:1      | Reached XP level 3. HP: 27/27 MP: 3/3
   966 | D:2      | Reached skill level 6 in Polearms
   966 | D:2      | Reached XP level 4. HP: 33/33 MP: 4/4
  1388 | D:2      | Found a faded altar of an unknown god.
  1702 | D:3      | Found a sparkling altar of Nemelex Xobeh.
  1734 | D:3      | Found a shimmering altar of Xom.
  1736 | D:3      | Found an ornate altar of the Wu Jian Council.
  1737 | D:3      | Found an iron altar of Okawaru.
  1737 | D:3      | Found an ancient bone altar of Kikubaaqudgha.
  2017 | D:3      | Found a broken altar of Ashenzari.
  2045 | D:3      | Reached skill level 7 in Polearms
  2180 | D:3      | Became a worshipper of Warmaster Okawaru
  2363 | D:4      | Reached XP level 5. HP: 35/38 MP: 5/5
  2695 | D:4      | Reached skill level 8 in Polearms
  2878 | D:4      | Reached XP level 6. HP: 38/44 MP: 6/6
  2893 | D:4      | Noticed Sigmund
  2903 | D:4      | Killed Sigmund
  2903 | D:4      | Reached * piety under Okawaru
  2904 | D:4      | Reached skill level 9 in Polearms
  3256 | D:4      | Reached skill level 10 in Polearms
  3271 | D:4      | Reached XP level 7. HP: 15/50 MP: 4/7
  3545 | D:5      | Entered Level 5 of the Dungeon
  3775 | D:4      | Found a staircase to the Ecumenical Temple.
  3951 | Temple   | Entered the Ecumenical Temple
  4113 | D:5      | Reached skill level 11 in Polearms
  4484 | D:5      | Reached skill level 12 in Polearms
  4484 | D:5      | Reached XP level 8. HP: 33/56 MP: 5/8
  4746 | D:6      | Noticed Edmund
  4748 | D:6      | Noticed a gargoyle
  4769 | D:6      | Killed from afar by a gargoyle

Illustrated notes

Levels and vault maps discovered:
D:1:      minmay_arrival_wavy_path, layout_basic
D:2:      layout_basic, shapermc_ecumenical_altar_mp_vishouse
D:3:      layout_rooms, mainiacjoe_overflow_cross_hatched,
          grunt_temple_overflow_open, minmay_misc_feat_nine_boxes
D:4:      cheibrodos_thug_alley, layout_rooms, temple_hall, uniq_sigmund
D:5:      layout_loops_ring, ebering_ghost_rock_garden
D:6:      layout_cave_pools, minmay_misc_feat_roman, uniq_maggie,
          uniq_prince_ribbit1, uniq_edmund
Temple:   cyrus_circular_temple

Skill      XL: |  1  2  3  4  5  6  7 |
---------------+----------------------+-----
Polearms       | 5 6 7 8 10 12 | 12.1
Fighting       | |  2.1
Throwing       | |  2.0
Dodging        | |  4.0

Action                   |  1- 3 |  4- 6 |  7- 9 || total
-------------------------+-------+-------+-------++-------
Melee: Trident           |    76 |   168 |   121 ||   365
Invok: Heroism           |       |     1 |     1 ||     2
  Use: Scroll            |       |       |     3 ||     3
       Potion            |       |       |     2 ||     2
 Stab: Sleeping          |     2 |       |       ||     2
       Distracted        |       |       |     1 ||     1
Armor: Leather armour    |    10 |       |       ||    10
       Ring mail         |     2 |    47 |    42 ||    91
Dodge: Dodged            |    39 |    63 |   100 ||   202
